 Dungeon Crawl Stone Soup version 0.22-a0-553-g9358b0b (webtiles) character file.

1971 Amnesiac the Slicer (level 9, 0/38 HPs)
             Began as a Vine Stalker Fighter on June 25, 2018.
             Was a Believer of Ru.
             Succumbed to a water moccasin's poison
             ... on level 5 of the Dungeon.
             The game lasted 00:06:05 (3341 turns).

Amnesiac the Slicer (Vine Stalker Fighter)          Turns: 3341, Time: 00:06:06

Health: 0/38       AC:  9    Str: 18 (21) XL:     9   Next: 20%
Magic:  8/13       EV: 24    Int:  5 (8)  God:    Ru [**....]
Gold:   280        SH:  9    Dex: 13 (15) Spells: 8/8 levels left

rFire    . . .     SeeInvis .   u - +2 dagger (holy)
rCold    . . .     Gourm    .   c - +0 shield
rNeg     . . .     Faith    .   b - +0 scale mail
rPois    .         Spirit   +   t - +1 hat
rElec    .         Reflect  .   o - +0 cloak
rCorr    .         Harm     .   (no gloves)
MR       +....                  (no boots)
Stlth    ..........             k - amulet of the acrobat
HPRegen  0.52/turn              (no ring)
MPRegen  0.13/turn              (no ring)

@: lethally poisoned (0 -> -15)
A: fangs 3, frail 1, regeneration 1, magic shield, antimagic bite, no potion
heal 3, rot immunity
a: Renounce Religion


You were on level 5 of the Dungeon.
You worshipped Ru.
Ru was pleased with you.
You were not hungry.

You visited 1 branch of the dungeon, and saw 5 of its levels.

You collected 280 gold pieces.

Inventory:

Hand Weapons
 u - a +2 dagger of holy wrath (weapon)
Armour
 b - a +0 scale mail (worn)
 c - a +0 shield (worn)
 o - a +0 cloak (worn)
 t - a +1 hat (worn)
Jewellery
 k - an amulet of the acrobat (around neck)
Wands
 r - a wand of paralysis (6)
Scrolls
 g - a scroll of amnesia {!r}
 j - 2 scrolls of enchant weapon {!r}
 l - a scroll of remove curse {!r}
 m - 2 scrolls of teleportation {!r}
Potions
 d - a potion of might {!q}
 e - a potion of berserk rage {!q}
 p - a potion of brilliance {!q}
Comestibles
 f - 9 rations


   Skills:
 - Level 2.6 Fighting
 - Level 8.0 Short Blades
 - Level 3.6 Armour
 - Level 3.5 Dodging
 - Level 2.6 Shields
 + Level 5.1 Evocations


You had 8 spell levels left.
You didn't know any spells.
Your spell library was empty.

Dungeon Overview and Level Annotations

Branches:
Dungeon (5/15)
 Temple: D:4-7

Altars:
Hepliaklqana
Nemelex Xobeh
Ru
Uskayaw
The Shining One

Annotations:
D:5 1 runed door


Innate Abilities, Weirdness & Mutations

You have razor-sharp teeth.
You are frail. (-10% HP)
Your natural rate of healing is unusually fast.
When hurt, damage is shared between your health and your magic reserves.
Your bite disrupts and absorbs the magic of your enemies.
Potions cannot restore your health.
You are immune to rotting.


Message History

You feel sick. The water moccasin barely misses you.
The soldier ant stings you but does no damage.
You feel sick.
The worker ant waves its antennae.
You block the water moccasin's attack.
You feel sick.
You feel sick. You block the water moccasin's attack.
You hit the water moccasin.
You bite the water moccasin, but do no damage.
The water moccasin is moderately wounded.
The water moccasin bites you.
You are more poisoned.
The water moccasin poisons you!
You hit the water moccasin.
The water moccasin is moderately wounded.
You feel sick.
The soldier ant is no longer blind.
You miss the water moccasin.
The water moccasin is moderately wounded.
You feel sick. You block the water moccasin's attack.
You miss the water moccasin.
The water moccasin is moderately wounded.
You feel sick.
The water moccasin bites you but does no damage.
You hit the water moccasin. You bite the water moccasin! You drain its power.
The water moccasin is severely wounded.
You feel sick.
The water moccasin bites you but does no damage.
You hit the water moccasin.
The water moccasin is almost dead.
You feel sick. The water moccasin bites you!
* * * LOW HITPOINT WARNING * * *
You are more poisoned.
The water moccasin poisons you!
Your shield and scale mail prevent you from hitting the water moccasin.
The water moccasin is almost dead.
* * * LOW HITPOINT WARNING * * *
You feel sick. The water moccasin bites you!
* * * LOW HITPOINT WARNING * * *
You are more poisoned.
The water moccasin poisons you!
You focus your will and blind the water moccasin in retribution!
You hit the water moccasin.
You kill the water moccasin!
Your Evocations skill increases to level 5!
* * * LOW HITPOINT WARNING * * *
You feel sick.
* * * LOW HITPOINT WARNING * * *
You feel very sick. The soldier ant completely misses you.
You see here a water moccasin corpse.
You hit the soldier ant but do no damage.
* * * LOW HITPOINT WARNING * * *
You feel sick. You block the soldier ant's attack.
You are too injured to fight recklessly!
Okay, then.
Really read
m - 3 scrolls of teleportation {!r}?
As you read the scroll of teleportation {!r}, it crumbles to dust.
You feel strangely unstable.
* * * LOW HITPOINT WARNING * * *
You feel sick. You block the soldier ant's attack.
* * * LOW HITPOINT WARNING * * *
You feel sick.
Your surroundings suddenly seem different.
You die...

#. #.. ..
###.#
#@..#
#.### ...
.....
.......
........#
##########


There were no monsters in sight!

Vanquished Creatures
  A two-headed ogre (D:3)
  3 soldier ants (D:5)
  3 water moccasins (D:5)
  Duvessa (D:5)
  A phantom (D:4)
  Dowan (D:5)
  2 hounds
  A bullfrog zombie (D:5)
  3 worker ants
  Terence (D:3)
  2 orc wizards
  9 adders
  An ooze (D:2)
  5 worms
  3 dart slugs
  5 leopard geckos
  10 orcs
  A ball python (D:3)
  10 bats
  8 goblins
  7 hobgoblins
  4 quokkas
  4 frilled lizards
  6 kobolds
  6 rats
98 creatures vanquished.

Vanquished Creatures (others)
  An orc wizard (D:4)
1 creature vanquished.

Grand Total: 99 creatures vanquished

Notes
Turn   | Place    | Note
-------+----------+-------------------------------------------
     0 | D:1      | Amnesiac the Vine Stalker Fighter began the quest for the Orb.
     0 | D:1      | Reached XP level 1. HP: 11/11 MP: 2/2
    76 | D:1      | Reached skill level 2 in Short Blades
   114 | D:1      | Reached XP level 2. HP: 7/16 MP: 1/3
   346 | D:1      | Reached skill level 1 in Dodging
   354 | D:1      | Reached XP level 3. HP: 15/19 MP: 4/4
   739 | D:2      | Reached skill level 3 in Short Blades
   798 | D:2      | Found a glowing golden altar of the Shining One.
  1159 | D:2      | Gained mutation: Your natural rate of healing is unusually fast. [Vine Stalker growth]
  1159 | D:2      | Reached XP level 4. HP: 23/23 MP: 5/5
  1289 | D:2      | Found a sacrificial altar of Ru.
  1297 | D:2      | Became a worshipper of Ru the Awakened
  1484 | D:2      | Found a hazy altar of Hepliaklqana.
  1730 | D:3      | Reached XP level 5. HP: 27/27 MP: 6/6
  1840 | D:3      | Reached skill level 4 in Short Blades
  2113 | D:3      | Noticed a two-headed ogre
  2165 | D:3      | Killed a two-headed ogre
  2165 | D:3      | Reached skill level 6 in Short Blades
  2165 | D:3      | Reached XP level 6. HP: 32/32 MP: 6/9
  2165 | D:3      | Reached XP level 7. HP: 35/35 MP: 6/10
  2304 | D:3      | Found a sparkling altar of Nemelex Xobeh.
  2460 | D:3      | Noticed Terence
  2477 | D:3      | Killed Terence
  2477 | D:3      | Gained mutation: You have razor-sharp teeth. [Vine Stalker growth]
  2477 | D:3      | Reached XP level 8. HP: 36/39 MP: 8/11
  2577 | D:4      | Gained mutation: You are frail. (-10% HP) [Ru sacrifice]
  2577 | D:4      | Reached * piety under Ru
  2577 | D:4      | Reached ** piety under Ru
  3033 | D:4      | Found a hide-covered altar of Uskayaw.
  3124 | D:5      | Entered Level 5 of the Dungeon
  3147 | D:5      | Found a runed gate.
  3147 | D:5      | Found a runed door.
  3149 | D:5      | Found a runed door.
  3171 | D:5      | Reached skill level 7 in Short Blades
  3194 | D:5      | Noticed Duvessa
  3244 | D:5      | Reached XP level 9. HP: 26/38 MP: 13/13
  3262 | D:5      | Killed Duvessa
  3268 | D:5      | Noticed Dowan
  3285 | D:5      | Reached skill level 8 in Short Blades
  3303 | D:5      | Killed Dowan
  3336 | D:5      | Reached skill level 5 in Evocations
  3341 | D:5      | Succumbed to a water moccasin's poison

Vault maps used:
D:1:      tarquinn_simple_flora_water_a
D:2:      lemuel_coloured_pillars_altar, tso_metal_star,
          nicolae_ru_sacrificial_ziggurat, hex_intersection
D:3:      nemelex_altar_shiori, first_ration, uniq_terence
D:4:      kennysheep_little_box
D:5:      gammafunk_temple_overflow_forgotten, serial_shops, shop,
          gammafunk_ghost_split, hex_large,
          minmay_guarded_unrand_staff_of_olgreb, uniq_duvessa

Skill      XL: |  1  2  3  4  5  6  7  8  9 |
---------------+----------------------------+-----
Short Blades   | 2 3 6 7 8 |  8.0
Dodging        | 1 3 |  3.5
Evocations     | 2 3 4 5 |  5.1
Armour         | 3 |  3.6
Fighting       | |  2.6
Shields        | |  2.6

Action                   |  1- 3 |  4- 6 |  7- 9 || total
-------------------------+-------+-------+-------++-------
Melee: Rapier            |   114 |   111 |    64 ||   289
       Bite              |    28 |    32 |    94 ||   154
       Dagger            |       |       |   173 ||   173
Invok: Sacrifice Health  |       |       |     1 ||     1
Evoke: Wand              |       |     2 |     1 ||     3
  Use: Scroll            |       |       |    10 ||    10
       Potion            |       |       |     4 ||     4
 Stab: Paralysed         |       |     6 |     2 ||     8
       Distracted        |       |       |     2 ||     2
  Eat: Chunk             |     1 |     3 |     4 ||     8
Armor: Scale mail        |    41 |    32 |    67 ||   140
Dodge: Dodged            |    33 |    34 |    78 ||   145
Block: Shield            |    55 |    42 |    67 ||   164

Table legend:
 A = Spawn XP
 B = Non-spawn XP
 C = Spawn XP percentage of total XP
 D = Spawn monster count
 E = Non-spawn monster count
 F = Spawn count percentage of total count
 G = Total turns spent on level
                    A         B        C        D         E        F      G
               +---------+---------+-------+---------+---------+-------+---------
         Total |       0 |    2816 |   0.0 |       0 |      99 |   0.0 |  3341
               +---------+---------+-------+---------+---------+-------+---------
           D:1 |       0 |      45 |   0.0 |       0 |      26 |   0.0 |   667
           D:2 |       0 |      72 |   0.0 |       0 |      18 |   0.0 |  1016
           D:3 |       0 |    1115 |   0.0 |       0 |      28 |   0.0 |   881
           D:4 |       0 |     301 |   0.0 |       0 |      14 |   0.0 |   560
           D:5 |       0 |    1283 |   0.0 |       0 |      13 |   0.0 |   217
               +---------+---------+-------+---------+---------+-------+---------
